 Dungeon Crawl Stone Soup version 0.29.0-11-gd7f09526c8 (webtiles) character file.

Game seed: 10609330047317296502

58 SensoryNuts the Shield-Bearer (level 4, 0/31 HPs)
             Began as an Octopode Fighter on Sept 4, 2022.
             Slain by a ball python (1 damage)
             ... on level 2 of the Dungeon.
             The game lasted 00:00:48 (1254 turns).

SensoryNuts the Shield-Bearer (Octopode Fighter)    Turns: 1254, Time: 00:00:49

Health: 0/31       AC:  1    Str: 15    XL:     4   Next: 1%
Magic:  4/4        EV: 13    Int: 10    God:
Gold:   36         SH:  4    Dex: 13    Spells: 3/3 levels left

rFire   . . .      SeeInvis +   a - +0 long sword
rCold   . . .      Faith    .   b - +0 buckler
rNeg    . . .      Spirit   .   (helmet restricted)
rPois   .          Reflect  .   (no amulet)
rElec   .          Harm     .   (no ring)
rCorr   .          Rampage  .   (no ring)
Will    +....                   (no ring)
Stlth   +++.......              (no ring)
HPRegen 0.10/turn               (no ring)
MPRegen 0.09/turn               (no ring)
                                (no ring)
                                (no ring)

@: lethally poisoned (0 -> -4)
A: almost no armour, amphibious, 8 rings, camouflage 1, gelatinous body 1,
(nimble swimmer 1), tentacles, see invisible, high MP 1, strong-willed 1
a: no special abilities


You were on level 2 of the Dungeon.
You visited 1 branch of the dungeon, and saw 2 of its levels.

You collected 36 gold pieces.

Inventory:

Hand Weapons
 a - a +0 long sword (weapon)
Armour
 b - a +0 buckler (worn)
Scrolls
 d - a scroll of torment {unknown}
 e - a scroll of teleportation {unknown}
Potions
 c - 2 potions of might
 f - a potion of mutation
 g - 2 potions of invisibility {unknown}
 h - a potion of haste {unknown}
 i - 3 potions of degeneration {unknown}
 j - a potion of curing {unknown}


   Skills:
 + Level 3.2 Fighting
 * Level 3.2 Long Blades
 + Level 3.1 Dodging
 + Level 1.7 Stealth
 + Level 3.2 Shields


You had 3 spell levels left.
You didn't know any spells.
Your spell library was empty.

Dungeon Overview and Level Annotations

Branches:
Dungeon (2/15)

Altars:


Innate Abilities, Weirdness & Mutations

You cannot wear most types of armour.
You are amphibious.
You can wear up to eight rings at the same time.
Your skin changes colour to match your surroundings (Stealth+).
Your rubbery body absorbs attacks. (AC +1, EV +1)
((You are camouflaged when in or above water. (Stealth+)))
You have tentacles for arms and can constrict up to eight enemies at once.
You have supernaturally acute eyesight. (SInv)
You have an increased reservoir of magic. (+10% MP)
You are strong-willed. (Will+)


Message History

You hit the adder. Your grab misses the adder.
The adder is lightly wounded.
The adder bites you.
You are poisoned.
The adder poisons you!
The goblin drinks a potion.
The goblin suddenly seems more resistant.
The adder closely misses you.
You hit the adder. Your grab misses the adder. Your squeeze misses the adder.
The adder is lightly wounded.
You feel sick. The adder bites you.
You are more poisoned.
The adder poisons you!
You barely miss the adder. Your grab misses the adder.
Your squeeze misses the adder.
The adder is lightly wounded.
You feel very sick. The adder closely misses you. The adder barely misses you.
You hit the adder but do no damage. You grab the adder.
The adder is lightly wounded.
You constrict the adder.
You feel sick. The adder closely misses you. The adder bites you.
You are lethally poisoned!
The adder poisons you!
You hit the adder.
You kill the adder!
* * * LOW HITPOINT WARNING * * *
You feel sick. The ball python bites you.
* * * LOW HITPOINT WARNING * * *
The ball python barely misses you.
You completely miss the ball python. Your grab misses the ball python.
You squeeze the ball python.
You kill the ball python!
* * * LOW HITPOINT WARNING * * *
You feel sick.
You have reached level 4!
It was a potion of mutation.
You feel extremely strange.
Your vision sharpens.
You feel strong-willed.
You feel more energetic.
* * * LOW HITPOINT WARNING * * *
You feel sick. The kobold closely misses you. The ball python bites you.
You die... #.. #..##.. ##..# .S## #### #...#...$## . #..########.....g...#.. #............# SS...

#.........##.## ..?# #
#....<....##.S##g.#
###.............@K.#
..#.............##.......
..............†#.......#.
.......................#
#............#.##......#
.......<........ .##.###
.##...........#.### .#
..............#.. ..
............#.....


You could see a goblin (resistant), a ball python and a kobold.

Vanquished Creatures
  3 adders (D:2)
  A dart slug (D:2)
  9 bats
  3 endoplasms (D:1)
  A giant cockroach (D:1)
  A hobgoblin (D:1)
  3 jackals (D:1)
  2 ball pythons
  A frilled lizard (D:1)
  A kobold (D:1)
  5 rats
30 creatures vanquished.

Notes
Turn   | Place    | Note
-------+----------+-------------------------------------------
     0 | D:1      | SensoryNuts the Octopode Fighter began the quest for the
                  | Orb.
     0 | D:1      | Reached XP level 1. HP: 16/16 MP: 1/1
   193 | D:1      | Reached XP level 2. HP: 18/21 MP: 2/2
   975 | D:2      | Reached skill level 1 in Stealth
   975 | D:2      | Reached XP level 3. HP: 12/26 MP: 3/3
  1254 | D:2      | Reached XP level 4. HP: 3/31 MP: 4/4
  1254 | D:2      | Gained mutation: You have supernaturally acute eyesight.
                  | (SInv) [potion of mutation]
  1254 | D:2      | Gained mutation: You are strong-willed. (Will+) [potion of
                  | mutation]
  1254 | D:2      | Gained mutation: You have an increased reservoir of magic.
                  | (+10% MP) [potion of mutation]
  1254 | D:2      | HP: 1/31 [poisoned by an adder]
  1254 | D:2      | Slain by a ball python

Illustrated notes

Levels and vault maps discovered:
D:1:      heliophobic_arrival_henge, layout_basic
D:2:      layout_rooms, minmay_pentomino_w4

Skill      XL: |  1  2  3 |
---------------+----------+-----
Stealth        | 1 |  1.7
Long Blades    | 3 |  3.2
Fighting       | |  3.2
Dodging        | |  3.1
Shields        | |  3.2

Action                   |  1- 3 |  4- 6 || total
-------------------------+-------+-------++-------
Melee: Long sword        |    59 |       ||    59
       Tentacles         |     6 |       ||     6
       Constrict         |     7 |       ||     7
  Use: Potion            |       |     1 ||     1
 Stab: Sleeping          |     6 |       ||     6
Armor: Skin              |     7 |       ||     7
Dodge: Dodged            |    44 |     1 ||    45
Block: Buckler           |    10 |       ||    10
